 Dungeon Crawl Stone Soup version 0.31-a0-574-g69dc8cc98e (webtiles) character file.

Game seed: 11382316858225068618

121 Zonian the Stinger (level 5, -2/31 HPs)
             Began as an Octopode Venom Mage on Aug 19, 2023.
             Was a Believer of Uskayaw.
             Slain by Pikel
             ... wielding a +1 whip of electrocution
              (4 damage)
             ... on level 4 of the Dungeon.
             The game lasted 00:05:35 (2759 turns).

Zonian the Stinger (Octopode Venom Mage)            Turns: 2759, Time: 00:05:36

Health: -2/31      AC:  5    Str:  7    XL:     5   Next: 5%
Magic:  6/8        EV: 13    Int: 19    God:    Uskayaw [**....]
Gold:   89         SH:  0    Dex: 13    Spells: 8/9 levels left

rFire   . . .        i - +0 dagger
rCold   + . .        (no shield)
rNeg    . . .        (helmet restricted)
rPois   .            t - amulet of the acrobat
rElec   .            k - +4 ring of protection
rCorr   .            l - ring of see invisible
SInv    +            q - ring of protection from cold
Will    .....        (no ring)
Stlth   +++          (no ring)
HPRegen 0.25/turn    (no ring)
MPRegen 0.11/turn    (no ring)
                     (no ring)

%: acrobat
@: hasted, very quick
A: almost no armour, amphibious, 8 rings, camouflage 1, gelatinous body 1,
(nimble swimmer 1), tentacles
a: Renounce Religion, Stomp, Line Pass


You were on level 4 of the Dungeon.
You worshipped Uskayaw.
Uskayaw was noncommittal.
You visited 1 branch of the dungeon, and saw 4 of its levels.

You collected 202 gold pieces.
You spent 113 gold pieces at shops.

Inventory:

Hand Weapons
 i - a +0 dagger (weapon)
Jewellery
 f - a ring of fire
 k - a +4 ring of protection (left tentacle)
 l - a ring of see invisible (right tentacle)
 o - a ring of positive energy
 q - a ring of protection from cold (on tentacle)
 t - an amulet of the acrobat (around mantle)
Wands
 v - a wand of paralysis (5)
Scrolls
 c - a scroll of noise {unknown}
 d - 6 scrolls of teleportation
 e - a scroll of identify {unknown}
 g - a scroll of torment {unknown}
 m - a scroll of enchant weapon {unknown}
 n - a scroll of fog {unknown}
 r - 4 scrolls of summoning {unknown}
 w - a scroll of fear {unknown}
 x - a scroll of amnesia {unknown}
Potions
 a - a potion of magic
 b - 3 potions of heal wounds {unknown}
 h - a potion of berserk rage {unknown}
 j - 2 potions of ambrosia {unknown}
 p - a potion of lignification {unknown}
 s - 3 potions of haste
 u - a potion of attraction {unknown}


   Skills:
 + Level 2.8 Dodging
 + Level 4.0 Stealth
 + Level 2.6 Spellcasting
 + Level 2.2 Transmutations
 + Level 4.4 Poison Magic


You had 8 spell levels left.
You knew the following spells:

 Your Spells              Type           Power      Damage    Failure   Level
a - Sting                 Tmut/Pois      60%        1d6       4%          1

Your spell library contained the following spells:

 Spells                   Type           Power      Damage    Failure   Level
 Poisonous Vapours        Pois/Air       20%        N/A       10%         2
 Shock                    Conj/Air       8%         1d3       16%         1
 Mephitic Cloud           Conj/Pois/Air  8%         N/A       26%         3
 Olgreb's Toxic Radiance  Pois           19%        N/A       26%         4
 Swiftness                Air            2%         N/A       43%         3
 Airstrike                Air            1%         2d(1-17)  85%         4


Dungeon Overview and Level Annotations

Branches:
Dungeon (4/15)
 Temple: D:4-7

Altars:
Okawaru
Sif Muna
Uskayaw

Shops:
D:1 *   D:2 ?

Annotations:
D:4 Pikel


Innate Abilities, Weirdness & Mutations

You cannot wear most types of armour.
You are amphibious.
You can wear up to eight rings at the same time.
Your skin changes colour to match your surroundings (Stealth+).
Your rubbery body absorbs attacks. (AC +1, EV +1)
((You are camouflaged when in or above water. (Stealth+)))
You have tentacles for arms and can constrict up to eight enemies at once.


Message History

Okay, then.
A lemure comes into view.
The helpless lemure fails to defend itself.
You puncture the lemure!
The lemure shouts!
You grab the lemure.
The lemure is heavily wounded.
You constrict the lemure, but do no damage.
Unknown command.
The helpless lemure fails to defend itself.
You puncture the lemure!
The lemure is almost dead.
You constrict the lemure, but do no damage.
You can now pass through a line of other dancers.
Unknown command.
The helpless lemure fails to defend itself.
You puncture the lemure!
You kill the lemure!
That felt strangely unrewarding.
Unknown command.
The sting hits Pikel but does no damage.
Pikel is poisoned.
Pikel zaps a wand.
You resist with some effort.
Unknown command.
The sting hits Pikel.
Pikel looks even sicker.
Pikel is lightly wounded.
Pikel hits you with a +1 whip of electrocution.
Unknown command.
You closely miss Pikel. You grab Pikel.
Pikel is lightly wounded.
You constrict Pikel, but do no damage.
A lemure comes into view.
Pikel hits you with a +1 whip of electrocution!
You are electrocuted!
* * * LOW HITPOINT WARNING * * *
Okay, then.
It was a potion of haste.
You feel yourself speed up.
You hear the slow hiss of an avalanche of sand.
You constrict Pikel, but do no damage.
Pikel hits you with a +1 whip of electrocution.
You die...

############
...##.....###
###.####.##.###...
#.5..5K@......#.####
#
#.###.###...#......#
#. # #.#.###.##.....
#.......# .#
#.#.###.#####.#
#.#.###.......#
#...........###
.........†..#
..##......<.#


You could see Pikel (very poisoned) and 2 lemures.

Vanquished Creatures
  A lemure (D:4)
  A hound (D:4)
  A gnoll (D:1)
  3 adders
  A worm (D:3)
  2 dart slugs
  An orc (D:3)
  7 ball pythons
  8 endoplasms
  2 giant cockroaches
  3 goblins (D:1)
  2 hobgoblins
  5 bats
  A frilled lizard (D:3)
  3 kobolds
  6 rats
47 creatures vanquished.

Notes
Turn   | Place    | Note
-------+----------+-------------------------------------------
     0 | D:1      | Zonian the Octopode Venom Mage began the quest for the Orb.
     0 | D:1      | Reached XP level 1. HP: 11/11 MP: 3/3
   112 | D:1      | Reached XP level 2. HP: 10/17 MP: 0/5
   265 | D:1      | Found Hoex's Assorted Antiques.
   637 | D:1      | Reached XP level 3. HP: 17/21 MP: 6/6
  1078 | D:2      | Found an iron altar of Okawaru.
  1225 | D:2      | Found Cemiso's Magic Scroll Shop.
  1228 | D:2      | Bought a scroll of teleportation for 33 gold pieces
  1435 | D:1      | Bought a glass ring for 80 gold pieces
  1799 | D:2      | Found a faded altar of an unknown god.
  1805 | D:2      | Reached XP level 4. HP: 27/27 MP: 3/7
  1843 | D:2      | Got Plato's Meditations on the Atmosphere
  1844 | D:2      | Prayed at the altar of an unknown god.
  1844 | D:2      | Became a worshipper of Uskayaw the Reveller
  1844 | D:2      | Reached * piety under Uskayaw
  2148 | D:3      | Reached ** piety under Uskayaw
  2689 | D:3      | Found a shimmering blue altar of Sif Muna.
  2728 | D:4      | Reached XP level 5. HP: 22/31 MP: 8/8
  2728 | D:4      | Reached *** piety under Uskayaw
  2745 | D:4      | Noticed a lemure
  2748 | D:4      | Noticed Pikel
  2752 | D:4      | Noticed a lemure
  2755 | D:4      | Killed a lemure
  2758 | D:4      | Noticed a lemure
  2759 | D:4      | Slain by Pikel

Illustrated notes

Levels and vault maps discovered:
D:1:      saegor_arrival_simple_b, layout_basic, serial_shops,
          nicolae_shop_crystal, minmay_tall_x
D:2:      layout_loops_corners, basic_altar, serial_shops,
          nicolae_shop_rolled_up, shapermc_ecumenical_altar_rom_forum
D:3:      layout_loops_ring, led_sif_pool
D:4:      layout_loops_cross, chei_slow_surprise, enter_ossuary_4, serial_shops,
          shop, grunt_decor_arrowhead, dilly_guarded_unrand_throatcut,
          uniq_pikel, uniq_ijyb

Skill      XL: |  1  2  3  4 |
---------------+-------------+-----
Stealth        | 3 4 |  4.0
Poison Magic   | 4 |  4.4
Transmutations | 2 |  2.2
Dodging        | |  2.8
Spellcasting   | |  2.6

Action                     |  1- 3 |  4- 6 || total
---------------------------+-------+-------++-------
  Melee: Unarmed           |    13 |       ||    13
         Constrict         |    14 |     8 ||    22
         Tentacles         |     8 |     9 ||    17
         Dagger            |    32 |    47 ||    79
         Punch             |     1 |       ||     1
   Cast: Sting             |    16 |     4 ||    20
  Evoke: Wand              |       |     3 ||     3
    Use: Potion            |       |     1 ||     1
   Stab: Sleeping          |     5 |     9 ||    14
         Paralysed         |       |     3 ||     3
 Armour: Skin              |    10 |     9 ||    19
  Dodge: Dodged            |    30 |    20 ||    50

Table legend: (Time is in decaauts)
 A = Elapsed time spent in this place.
 B = Non-inter-level travel time spent in this place.
 C = Inter-level travel time spent in this place.
 D = Time resting spent in this place.
 E = Time spent auto-exploring this place.
 F = Levels seen in this place.
 G = Mean time per level.
                   A        B        C        D        E       F      G
               +--------+--------+--------+--------+--------+-----+--------+
         Total |   2757 |   2542 |    215 |    286 |   1833 |   4 |  689.2 |
       Dungeon |   2757 |   2542 |    215 |    286 |   1833 |   4 |  689.2 |
               +--------+--------+--------+--------+--------+-----+--------+

Top non-repeatable levels by time:
     D:2: 1023 daAuts
     D:1: 1022 daAuts
     D:3: 661 daAuts
     D:4: 49 daAuts
